 Dungeon Crawl Stone Soup version 0.32-a0-899-geb5ba95c15 (webtiles) character file.

Game seed: 8229639420679917306

207 Ajdolov the Magician (level 5, -1/35 HPs)
             Began as a Mummy Alchemist on Apr 5, 2024.
             Slain by an unseen horror (5 damage)
             ... on level 5 of the Dungeon.
             The game lasted 00:04:34 (2994 turns).

Ajdolov the Magician (Mummy Alchemist)              Turns: 2994, Time: 00:04:35

Health: -1/35      AC:  2    Str: 12    XL:     5   Next: 54%
Magic:  4/12       EV: 11    Int: 16    God:
Gold:   130        SH:  0    Dex: 12    Spells: 7/14 levels left

rFire   x . .        f - +0 dagger
rCold   + . .        (no shield)
rNeg    + + +        a - +0 robe
rPois   ∞            (no helmet)
rElec   .            (no cloak)
rCorr   .            (no gloves)
SInv    .            (no boots)
Will    .....        (no amulet)
Stlth   ++           (no ring)
HPRegen 0.25/turn    (no ring)
MPRegen 0.13/turn

%: faith
@: very slightly contaminated
A: cold resistance 1, negative energy resistance 3, torment resistance 2, heat
vulnerability 1, in touch with death 1, no potions, faith
a: no special abilities


You were on level 5 of the Dungeon.
You visited 1 branch of the dungeon, and saw 4 of its levels.

You collected 130 gold pieces.

Inventory:

Hand Weapons
 f - a +0 dagger (weapon)
Armour
 a - a +0 robe (worn)
Scrolls
 b - a scroll of torment {unknown}
 c - a scroll of brand weapon {unknown}
 d - a scroll of fear {unknown}
 e - 3 scrolls of identify {unknown}
 g - a scroll of vulnerability {unknown}
 h - 2 scrolls of teleportation {unknown}
 i - a scroll of immolation {unknown}
 j - a scroll of blinking {unknown}


   Skills:
 - Level 1.5 Dodging
 - Level 1.5 Stealth
 + Level 5.4 Spellcasting
 - Level 0.7 Conjurations
 + Level 4.0 Alchemy


You had 7 spell levels left.
You knew the following spells:

 Your Spells              Type           Power      Damage    Failure   Level
a - Sting                 Conj/Alch      48%        1d6       5%          1
b - Mercury Vapours       Alch/Air       20%        N/A       10%         2
c - Olgreb's Toxic Radia  Alch           17%        N/A       26%         4

Your spell library contained the following spells:

 Spells                   Type           Power      Damage    Failure   Level
 Mephitic Cloud           Conj/Alch/Air  9%         N/A       22%         3
 Sticky Flame             Fire/Alch      10%        2d5       54%         4
 Ozocubu's Refrigeration  Ice            2%         4d7       100%        7
 Discord                  Hex            2%         N/A       100%        8


Dungeon Overview and Level Annotations

Branches:
Dungeon (3/15)

Altars:


Innate Abilities, Weirdness & Mutations

You are immune to poison.
Your flesh is cold resistant. (rC+)
You are immune to negative energy. (rN+++)
You are immune to unholy pain and torment.
You are vulnerable to heat. (rF-)
You are in touch with the powers of death.
You do not drink.
You have a special connection with the divine. (Faith)


Message History

Your Spellcasting skill increases to level 5!
Your Alchemy skill increases to level 4!
You have reached level 5!
You feel stronger.
You start resting.
Magic restored.
HP restored.
You open the door.
An orc priest comes into view. It is wielding a +0 flail.
Found a robe.
Deactivating autopickup; reactivate with Ctrl-A.
You hit something. Something hits you but does no damage. Something hits you!
Something hits you!
You see here a +0 giant spiked club.
There is an open door here.
Something hits you.
Something is blocking the doorway!
Aiming: Sting (safe; 5% risk of failure)
Press: ? - help, Q - select action, (/) - cycle Shift-Dir - straight line You can't see that place.
Okay, then.
Casting: Sting (safe; 5% risk of failure)
Confirm with . or Enter, or press ? or * to list all spells.
You can't see any susceptible monsters within range! (Use Z to cast anyway.)
Casting: Sting (safe; 5% risk of failure)
Confirm with . or Enter, or press ? or * to list all spells.
You miscast Olgreb's Toxic Radiance.
You are very lightly contaminated with residual magic.
Parts of your body briefly turn golden. Something hits you.
Casting: Olgreb's Toxic Radiance (extremely dangerous; 26% risk of failure)
Confirm with . or Enter, or press ? or * to list all spells.
You begin to radiate toxic energy.
Something hits you!
* * * LOW HITPOINT WARNING * * *
Unknown command.
Your toxic aura wanes.
Something hits you.
* * * LOW HITPOINT WARNING * * *
Something hits you.
You die...

.[......###+#####..#########
.o.....#...................
.......+............O......
......#...................
.... #....#############'#
##'###....####...####....
#....#.....#.............
#....#.....#.............
#...)'..@..'.............
#########################


There were no monsters in sight!

Vanquished Creatures
  An ogre (D:5)
  4 gnolls (D:2)
  An adder (D:3)
  2 dart slugs
  3 orcs (D:3)
  10 ball pythons
  10 bats
  4 endoplasms
  A giant cockroach (D:1)
  5 goblins
  6 hobgoblins
  4 jackals (D:1)
  A quokka (D:2)
  2 frilled lizards
  7 kobolds
  11 rats
72 creatures vanquished.

Notes
Turn   | Place    | Note
-------+----------+-------------------------------------------
     0 | D:1      | Ajdolov the Mummy Alchemist began the quest for the Orb.
     0 | D:1      | Reached XP level 1. HP: 13/13 MP: 4/4
   148 | D:1      | Reached skill level 3 in Spellcasting
   245 | D:1      | Reached XP level 2. HP: 19/19 MP: 3/6
   771 | D:1      | Reached XP level 3. HP: 18/24 MP: 2/8
  1353 | D:2      | Reached skill level 4 in Spellcasting
  1359 | D:2      | Identified the +1 ring mail of Vuub Esh {rPois SInv}
  1764 | D:2      | Learned a level 2 spell: Mercury Vapours
  1782 | D:2      | Reached XP level 4. HP: 19/30 MP: 2/10
  2570 | D:2      | Learned a level 4 spell: Olgreb's Toxic Radiance
  2694 | D:3      | Found a faded altar of an unknown god.
  2839 | D:3      | You fall into a shaft and drop 2 floors!
  2839 | D:5      | Entered Level 5 of the Dungeon
  2869 | D:5      | Noticed an ogre
  2902 | D:5      | Killed an ogre
  2903 | D:5      | Reached skill level 5 in Spellcasting
  2903 | D:5      | Reached XP level 5. HP: 15/35 MP: 3/12
  2994 | D:5      | Slain by an unseen horror

Illustrated notes

Levels and vault maps discovered:
D:1:      eino_arrival_cavern_a, layout_loops_cross
D:2:      layout_loops_cross
D:3:      layout_basic, lemuel_crystal_altar, mainiacjoe_overflow_tiny_flanked,
          hellmonk_ecumenical_altar_crossroads, kennysheep_path_1, st_stairs_12
D:5:      layout_gridville, evilmike_ruin_ashenzari,
          minmay_temple_entry_stoned_glass

Skill      XL: |  1  2  3  4 |
---------------+-------------+-----
Spellcasting   | 3 4 5 |  5.4
Alchemy        | 3 4 |  4.0
Dodging        | |  1.5
Stealth        | |  1.5
Conjurations   | |  0.7

Action                     |  1- 3 |  4- 6 || total
---------------------------+-------+-------++-------
  Melee: Club              |    25 |       ||    25
         Unarmed           |     1 |       ||     1
         Dagger            |    12 |    15 ||    27
   Cast: Sting             |    71 |    47 ||   118
         Mercury Vapours   |     1 |       ||     1
         Olgreb's Toxic Ra |       |     2 ||     2
 Armour: Robe              |    44 |    24 ||    68
  Dodge: Dodged            |    58 |    16 ||    74

Table legend: (Time is in decaauts)
 A = Elapsed time spent in this place.
 B = Non-inter-level travel time spent in this place.
 C = Inter-level travel time spent in this place.
 D = Time resting spent in this place.
 E = Time spent auto-exploring this place.
 F = Levels seen in this place.
 G = Mean time per level.
                   A        B        C        D        E       F      G
               +--------+--------+--------+--------+--------+-----+--------+
         Total |   2999 |   2879 |    120 |    328 |   1995 |   4 |  749.8 |
       Dungeon |   2999 |   2879 |    120 |    328 |   1995 |   4 |  749.8 |
               +--------+--------+--------+--------+--------+-----+--------+

Top non-repeatable levels by time:
     D:2: 1260 daAuts
     D:1: 1232 daAuts
     D:3: 352 daAuts
     D:5: 154 daAuts
